 Dungeon Crawl Stone Soup version 0.25-a0-2-g6559c6c67a (webtiles) character file.

Game seed: 16378260141458370331, levelgen mode: classic

1476590 juzbaz the Conqueror (level 27, 179/179 HPs)
             Began as a Gargoyle Fighter on June 13, 2019.
             Was the Champion of Dithmenos.
             Escaped with the Orb
             ... and 3 runes on Oct 14, 2019!
             The game lasted 05:43:11 (103970 turns).

juzbaz the Conqueror (Gargoyle Fighter)           Turns: 103970, Time: 05:43:11

Health: 179/179    AC: 73    Str: 31    XL:     27
Magic:  30/30      EV: 16    Int: 18    God:    Dithmenos [******]
Gold:   7250       SH: 21    Dex:  8    Spells: 5/26 levels left

rFire    + + +     SeeInvis .   a - +5 morningstar of Flawed Execution {drain, rF+ MR+}
rCold    + + .     Gourm    .   c - +2 shield
rNeg     + . .     Faith    .   e - +11 gold dragon scales
rPois    ∞         Spirit   .   N - +2 helmet
rElec    +         Reflect  +   R - scarf {rC+ rF+}
rCorr    .         Harm     .   E - +1 pair of gloves of Ucuf {Str+3 Int+5}
MR       ++++.     Rnd*Rage +   q - +1 pair of boots
Stlth    ..........             g - +5 amulet of reflection
HPRegen  0.00/turn              C - ring of protection from magic
MPRegen  0.22/turn              D - +4 ring of protection

@: flying, wreathed by umbra, silenced
A: big wings, berserk 1, clumsy 1, frail 1, negative energy resistance 1,
electricity resistance, inhibited regeneration, unbreathing, petrification
resistance, rot immunity, AC +20
0: Orb of Zot
}: 3/15 runes: decaying, silver, gossamer
a: Stop Flying, Renounce Religion


You escaped.
You worshipped Dithmenos.
Dithmenos was exalted by your worship.
You were completely stuffed.

You visited 9 branches of the dungeon, and saw 49 of its levels.
You also visited: Sewer and Volcano.

You collected 8870 gold pieces.
You spent 1620 gold pieces at shops.

Inventory:

Hand Weapons
 a - the +5 morningstar of Flawed Execution (weapon) {drain, rF+ MR+}
   (You found it on level 2 of the Spider Nest)

   A truly terrible weapon, it drains the life of those it strikes.
   It protects you from fire.
   It affects your resistance to hostile enchantments.
 b - the +7 hunting sling "Beetleslayer" {venom, rC+ Str+2 Stlth+}
   (You found it on level 13 of the Dungeon)

   It poisons the ammo it fires.
   It affects your strength (+2).
   It protects you from cold.
   It makes you more stealthy.
 j - a +9 demon whip of electrocution
Missiles
 y - 187 sling bullets
 S - 4 throwing nets (quivered)
Armour
 c - a +2 shield (worn)
 e - +11 gold dragon scales (worn)
 q - a +1 pair of boots (worn)
 E - the +1 pair of gloves of Ucuf (worn) {Str+3 Int+5}
   (You took it off Nikola on level 3 of the Spider Nest)

   It affects your strength (+3).
   It affects your intelligence (+5).
 N - a +2 helmet (worn)
 R - a scarf of resistance (worn)
Jewellery
 g - a +5 amulet of reflection (around neck)
 k - an uncursed ring of positive energy
 u - a +5 ring of strength
 C - a ring of protection from magic (left hand)
 D - a +4 ring of protection (right hand)
 J - an uncursed ring of see invisible
 X - an uncursed ring of resist corrosion
Wands
 m - a wand of disintegration (11)
 B - a wand of iceblast (61)
 P - a wand of digging (6)
 Q - a wand of flame (10)
 T - a wand of acid (23)
 Y - a wand of clouds (4)
Scrolls
 i - 13 scrolls of fear
 l - 31 scrolls of remove curse
 v - 5 scrolls of teleportation
 w - 4 scrolls of fog
 z - 15 scrolls of identify
 F - 9 scrolls of enchant weapon
 H - 8 scrolls of blinking
 K - a scroll of summoning
 O - 5 scrolls of holy word
 Z - 2 scrolls of immolation
Potions
 d - 3 potions of might
 h - 8 potions of brilliance
 n - 13 potions of curing
 p - 4 potions of heal wounds
 r - 4 potions of mutation
 s - 3 potions of resistance
 t - 4 potions of invisibility
 A - 2 potions of haste
 G - 5 potions of lignification
 I - 5 potions of berserk rage
 L - 2 potions of cancellation
 M - 2 potions of agility
Miscellaneous
 x - 3 phantom mirrors
 V - a lamp of fire
 W - a phial of floods
Comestibles
 f - 68 rations


   Skills:
 O Level 27 Fighting
 + Level 18.7 Maces & Flails
 O Level 27 Armour
 * Level 21.4 Dodging
 - Level 15.0 Shields
 - Level 10.0 Invocations


You had 5 spell levels left.
You knew the following spells:

 Your Spells              Type           Power        Failure   Level  Hunger
a - Confusing Touch       Hex            #.....       73%         1    ##.....
b - Poisonous Vapours     Pois/Air       #.....       86%         2    ###....
c - Apportation           Tloc           #.....       73%         1    ##.....
d - Summon Butterflies    Summ           #.......     73%         1    ##.....
e - Blink                 Tloc           N/A          86%         2    ###....
f - Passwall              Tmut/Erth      #.......     86%         2    ###....
g - Lee's Rapid Deconstr  Erth           #.........   100%        5    ######.
h - Regeneration          Chrm/Necr      #.........   97%         3    ####...
i - Summon Lightning Spi  Summ/Air       #.......     100%        4    #####..

Your spell library contained the following spells:

 Spells                   Type           Power        Failure   Level  Hunger
 Beastly Appendage        Tmut           #.....       73%         1    ##.....
 Flame Tongue             Conj/Fire      #....        73%         1    ##.....
 Freeze                   Ice            #...         73%         1    ##.....
 Magic Dart               Conj           #...         73%         1    ##.....
 Shock                    Conj/Air       #...         73%         1    ##.....
 Summon Small Mammal      Summ           #...         73%         1    ##.....
 Corpse Rot               Necr           N/A          86%         2    ###....
 Searing Ray              Conj           #.....       86%         2    ###....
 Shroud of Golubria       Chrm/Tloc      #.....       86%         2    ###....
 Slow                     Hex            #.......     86%         2    ###....
 Sticks to Snakes         Tmut           #.......     86%         2    ###....
 Swiftness                Chrm/Air       #.......     86%         2    ###....
 Throw Flame              Conj/Fire      #.....       86%         2    ###....
 Throw Frost              Conj/Ice       #.....       86%         2    ###....
 Call Canine Familiar     Summ           #.......     97%         3    ####...
 Confuse                  Hex            #.......     97%         3    ####...
 Conjure Flame            Conj/Fire      #.......     97%         3    ####...
 Dazzling Spray           Conj/Hex       #.....       97%         3    ####...
 Gell's Gravitas          Tloc           #.........   97%         3    ####...
 Ignite Poison            Fire/Tmut/Pois #.......     97%         3    ####...
 Lesser Beckoning         Tloc           #.........   97%         3    ####...
 Mephitic Cloud           Conj/Pois/Air  #.......     97%         3    ####...
 Ozocubu's Armour         Chrm/Ice       #.......     97%         3    ####...
 Spider Form              Tmut/Pois      #.........   97%         3    ####...
 Static Discharge         Conj/Air       #.......     97%         3    ####...
 Stone Arrow              Conj/Erth      #.....       97%         3    ####...
 Summon Guardian Golem    Hex/Summ       #.......     97%         3    ####...
 Teleport Other           Tloc           #.......     97%         3    ####...
 Tukima's Dance           Hex            #.......     97%         3    ####...
 Vampiric Draining        Necr           #.........   97%         3    ####...
 Airstrike                Air            #.........   100%        4    #####..
 Cause Fear               Hex            #.........   100%        4    #####..
 Force Lance              Conj/Tloc      #.......     100%        4    #####..
 Fulminant Prism          Conj/Hex       #.........   100%        4    #####..
 Ice Form                 Ice/Tmut       #.......     100%        4    #####..
 Iskenderun's Mystic Bla  Conj           #.......     100%        4    #####..
 Leda's Liquefaction      Hex/Erth       #.........   100%        4    #####..
 Petrify                  Tmut/Erth      #.......     100%        4    #####..
 Summon Ice Beast         Ice/Summ       #.......     100%        4    #####..
 Throw Icicle             Conj/Ice       #.......     100%        4    #####..
 Alistair's Intoxication  Tmut/Pois      #.......     100%        5    ######.
 Blade Hands              Tmut           #.........   100%        5    ######.
 Bolt of Draining         Conj/Necr      #.........   100%        5    ######.
 Fireball                 Conj/Fire      #.........   100%        5    ######.
 Irradiate                Conj/Tmut      #.........   100%        5    ######.
 Lightning Bolt           Conj/Air       #.........   100%        5    ######.
 Metabolic Englaciation   Hex/Ice        #.........   100%        5    ######.
 Silence                  Hex/Air        #.........   100%        5    ######.
 Summon Mana Viper        Hex/Summ       #.......     100%        5    ######.
 Yara's Violent Unravell  Hex/Tmut       #.........   100%        5    ######.
 Bolt of Fire             Conj/Fire      #.........   100%        6    #######
 Conjure Ball Lightning   Conj/Air       #.........   100%        6    #######
 Deflect Missiles         Chrm/Air       #.........   100%        6    #######
 Freezing Cloud           Conj/Ice/Air   #.........   100%        6    #######
 Invisibility             Hex            #.......     100%        6    #######
 Ozocubu's Refrigeration  Ice            #.........   100%        6    #######
 Poison Arrow             Conj/Pois      #.........   100%        6    #######
 Shadow Creatures         Summ           N/A          100%        6    #######
 Ring of Flames           Chrm/Fire      #.........   100%        7    #######
 Spellforged Servitor     Conj/Summ      #.........   100%        7    #######
 Summon Hydra             Summ           #.........   100%        7    #######
 Chain Lightning          Conj/Air       #.........   100%        8    #######
 Lehudib's Crystal Spear  Conj/Erth      #.........   100%        8    #######
 Fire Storm               Conj/Fire      #.........   100%        9    #######
 Glaciate                 Conj/Ice       #.........   100%        9    #######
 Tornado                  Air            #.........   100%        9    #######
 Sublimation of Blood     Necr           Unusable     N/A         2    N/A
 Passage of Golubria      Tloc           Unusable     N/A         4    N/A

Dungeon Overview and Level Annotations

Branches:
Dungeon (15/15)            Temple (0/1) D:5            Lair (6/6) D:8
  Swamp (4/4) Lair:4       Spider (4/4) Lair:4        Slime (0/5) Lair:6
    Orc (2/2) D:11            Elf (3/3) Orc:2        Vaults (5/5) D:13
  Crypt (0/3) Vaults:2     Depths (5/5) D:15            Zot (5/5) Depths:5
Volcano (visited)

Altars:
Ashenzari
Cheibriados
Dithmenos
Elyvilon
Fedhas
Hepliaklqana
Makhleb
Nemelex Xobeh
Okawaru
Qazlal
Trog
Vehumet
Xom
Yredelemnul
Lugonu

Shops:
D:7 %   Orc:2 *(=!(   Elf:1 }=}   Elf:2 =   Vaults:1 (   Vaults:4 =
Vaults:5 [[   Depths:2 =

Portals:
Hell: Depths:1 Depths:2 Depths:3 Depths:4 Depths:5
Abyss: Depths:4
Pandemonium: Depths:1 Depths:2 Depths:3
Ziggurat: Depths:3
Trove: Vaults:1 (show slimy rune of Zot)

Annotations:
D:4 3 runed translucent doors, Scuka's ghost, amateur HuFi; Yorgos's ghost, novice GnWn
D:13 3 runed translucent doors, Boj Zost's ghost, journeyman MiBe
Swamp:4 1 runed translucent door, sallazang's ghost, journeyman HOFi
Spider:1 exclusion: downstairs
Elf:2 5 runed translucent doors, exclusion: 5 doors
Depths:5 Boris
Zot:4 2 transporters
Zot:5 exclusion: obsidian statue


Innate Abilities, Weirdness & Mutations

You are resistant to torment.
Your stone body is resilient. (AC +20)
You are immune to poison.
Your large and strong wings let you fly indefinitely.
You resist negative energy. (rN+)
You are resistant to electric shocks. (rElec)
You can survive without breathing.
You are immune to petrification.
You are immune to rotting.
You tend to lose your temper in combat.
You are clumsy. (Dex -2)
You are frail. (-10% HP)
You do not regenerate when monsters are visible.


Message History

What level of the Dungeon? (default 1, ? - help)
A rust devil and a pandemonium lord come into view.
Evoke which item? (* to show all) (? for menu, Esc to quit)
Aiming: Dig
Press: ? - help, Shift-Dir - straight line A rock wall.
This square is wreathed by an umbra and is covered in magical glow.
The rock shatters into small pieces.
Number of times to repeat, then command key: You must enter the number of times for the command to repeat.
You block Duorey's attack.
Duorey gestures.
Duorey's surroundings become eerily quiet.
Duorey conjures a glowing orb.
An orb of destruction comes into view.
Duorey gestures.
The wavering orb of destruction hits the rust devil!!!!
The rust devil is blown up!
There is a staircase leading out of the dungeon here.
You have escaped!

..#######'#.# #.... ..#.........#
#.... ..#.........# ##...
..#.........#####################
.................................
..#....##........................
..#....##.#.#..####.####.##.#####
..........###..###.## #.##.)...#
#)#########...)#@...## #.##.....#
#..# ##.....#.....###.##.....#
##.## #.....#.#.....##)##......
#..# ##....*&##.....##.##.....#
##.# #...4..####.....#.##.##.##
#.## #...4.## #.....#.....#.#
#..###.....# #.....#.#####.#
#....#.....## ##.....#.# #.#
###..#.##.....# #.....##.# #.#


You could see Duorey.

Vanquished Creatures
  Tiamat (Zot:2)
  2 orbs of fire (Zot:5)
  Mara (Vaults:3)
  Mennas (Depths:5)
  6 ancient liches
  5 Killer Klowns
  Margery (Vaults:4)
  2 curse toes
  A caustic shrike (Depths:3)
  16 golden dragons
  Nikola (Spider:3)
  A profane servitor (Zot:2)
  Arachne (Spider:4)
  9 liches
  A bone dragon (Depths:5)
  4 electric golems
  24 tentacled monstrosities
  25 Orb Guardians (Zot:5)
  Asterion (Vaults:2)
  7 quicksilver dragons
  2 deep elf master archers (Elf:3)
  4 deep elf blademasters (Elf:3)
  8 titans
  An Executioner (Depths:5)
  A sphinx (shapeshifter) (Vaults:2)
  5 sphinxes
  11 storm dragons
  14 death cobs
  10 tengu reavers
  14 draconian monks
  4 shadow dragons
  2 nagarajas (Depths:2)
  A thorn hunter (Swamp:4)
  Kirke (Swamp:3)
  14 frost giants
  11 draconian knights
  Louise (D:13)
  Aizul (Vaults:3)
  3 iron dragons
  9 emperor scorpions
  24 vault wardens
  8 fire giants
  7 ghost moths
  A balrug (Depths:3)
  4 draconian scorchers
  8 deep elf sorcerers
  9 draconian annihilators
  10 deep elf elementalists
  12 ironheart preservers
  7 draconian shifters
  30 very ugly things
  4 entropy weavers
  4 draconian stormcallers
  A war gargoyle (Vaults:5)
  16 stone giants
  2 vampire knights
  4 spriggan defenders
  2 juggernaut skeletons
  7 grey draconians
  16 green draconians
  Nessos (Lair:6)
  4 deep elf demonologists
  15 black draconians
  10 spark wasps
  14 purple draconians
  11 deep elf annihilators
  24 red draconians
  11 white draconians
  15 yellow draconians
  Snorg (D:11)
  10 deep elf death magi (Elf:3)
  17 ettins
  A death ooze (Swamp:4)
  9 fire dragons
  4 green deaths
  5 rakshasas
  13 yaktaur captains
  13 ice dragons
  Harold (D:8)
  7 deep elf high priests
  4 hell beasts
  3 shambling mangroves
  32 vault guards
  2 ghost crabs
  16 hydras
  2 anacondas (shapeshifter)
  8 great orbs of eyes
  4 spriggan air magi
  14 centaur warriors
  44 two-headed ogres
  10 dancing weapons
  10 alligators
  13 ogre magi
  8 deep troll shamans
  2 death knights
  A catoblepas (Depths:3)
  6 tengu warriors
  5 death yaks (Lair:3)
  2 vampire magi
  12 deep troll earth magi
  An orc high priest (Orc:1)
  7 death scarabs (Spider:4)
  8 spriggan berserkers
  12 deep elf knights
  12 spriggans
  11 hell knights
  A fire crab (shapeshifter) (Vaults:3)
  4 iron trolls
  A sun demon (D:15)
  A death drake (shapeshifter) (D:15)
  A shadow wraith (Vaults:3)
  3 glowing orange brains
  2 skeletal warriors (D:15)
  3 wizards
  4 flayed ghosts
  A storm dragon skeleton (D:15)
  28 deep trolls
  A spriggan druid (Swamp:1)
  2 naga ritualists (Depths:2)
  A glowing orange brain (shapeshifter) (Depths:2)
  6 unseen horrors
  A swamp dragon (shapeshifter) (Vaults:3)
  2 phantasmal warriors
  25 deep elf archers
  A golden dragon skeleton (Depths:3)
  18 ironbrand convokers
  7 swamp dragons
  A lindwurm (shapeshifter) (Depths:2)
  2 small abominations (Vaults:5)
  Pikel (D:5)
  62 deep elf magi
  5 wolf spider zombies
  13 harpies
  5 mana vipers (Depths:2)
  7 necromancers
  11 orc knights
  A lindwurm (Lair:6)
  An oklob plant (Lair:4)
  A stone giant zombie (D:15)
  68 ugly things
  2 spectral wolf spiders
  16 orb spiders
  2 orc sorcerers
  A draconian (Depths:5)
  A shadow dragon skeleton (Depths:3)
  A cyclops (shapeshifter) (Vaults:5)
  32 wolf spiders
  5 elephants (Lair:5)
  33 moths of wrath
  9 cyclopes
  6 manticores
  A rust devil (Depths:5)
  12 vault sentinels
  3 molten gargoyles (Lair:6)
  6 black mambas
  A water nymph (shapeshifter) (Vaults:3)
  Joseph (D:7)
  14 spiny frogs
  2 smoke demons
  4 naga magi (Depths:2)
  3 gargoyles
  An orange demon (Swamp:4)
  A spriggan zombie (Depths:3)
  4 centaur skeletons (D:15)
  2 rime drakes (shapeshifter)
  A rime drake (Lair:4)
  4 freezing wraiths
  4 spectral redbacks (Spider:4)
  A komodo dragon (shapeshifter) (Vaults:5)
  4 kobold demonologists
  8 komodo dragons
  70 yaktaurs
  4 redback zombies (Spider:4)
  2 efreet
  A guardian mummy (D:15)
  11 demonic crawlers
  3 hellwings
  5 tengu conjurers
  A queen bee (D:10)
  A troll (shapeshifter) (Depths:3)
  18 trolls
  23 jumping spiders
  A red devil (Depths:3)
  A tengu simulacrum (Vaults:3)
  A polar bear (shapeshifter) (D:14)
  A jumping spider (shapeshifter) (Depths:3)
  A polar bear (Lair:3)
  31 hornets
  2 meliai (shapeshifter)
  A spectral tarantella (Spider:4)
  Prince Ribbit (D:8)
  6 spectral jumping spiders (Spider:4)
  A tarantella zombie (Spider:4)
  13 tyrant leeches
  34 slime creatures
  16 blink frogs
  6 hippogriffs
  10 bog bodies
  A jumping spider zombie (Spider:4)
  2 large abominations (Swamp:4)
  4 dream sheep (Lair:6)
  An ice dragon zombie (D:15)
  2 dream sheep (shapeshifter)
  4 wyverns
  A stone giant simulacrum (Vaults:3)
  7 wraiths
  4 air elementals
  105 redbacks
  A water elemental (Elf:3)
  9 shadows
  41 tarantellas
  A spriggan (shapeshifter) (Depths:4)
  A ynoxinul (D:14)
  A yak (shapeshifter) (Vaults:4)
  Grum (D:8)
  2 fire elementals (Elf:1)
  2 hogs (Swamp:3)
  2 humans (D:8)
  55 yaks
  6 basilisks
  A chaos spawn (Depths:3)
  11 vampire mosquitoes
  A steam dragon (shapeshifter) (Elf:3)
  2 golden eyes (D:14)
  A golden eye (shapeshifter) (Depths:3)
  A hog (shapeshifter) (D:9)
  2 steam dragons (Lair:6)
  2 hungry ghosts
  10 swamp worms
  A soldier ant (D:15)
  12 insubstantial wisps
  6 acid dragons
  8 water moccasins
  3 wargs
  5 hell hounds
  A floating eye (Depths:3)
  2 slaves
  8 porcupines
  7 swamp drakes
  7 ice beasts
  5 sky beasts
  A black bear (D:8)
  A hornet zombie (Spider:4)
  30 orc warriors
  An eye of draining (shapeshifter) (Depths:3)
  2 eyes of draining (D:14)
  8 wolves
  31 centaurs
  14 boggarts (Vaults:1)
  46 ogres
  A phantom (D:7)
  11 crocodiles
  Blork the orc (D:6)
  A big kobold (shapeshifter) (Vaults:2)
  A gnoll sergeant (D:6)
  19 bullfrogs
  4 earth elementals
  A water moccasin skeleton (D:9)
  5 scorpions
  22 killer bees
  4 howler monkeys
  An electric eel (Spider:1)
  A howler monkey (shapeshifter) (Depths:3)
  12 wights
  9 crimson imps
  5 lava snakes (Lair:6)
  A bullfrog zombie (D:13)
  9 jellies
  3 quasits
  8 hounds
  4 bullfrog skeletons
  17 orc priests
  3 iguanas
  21 orc wizards
  Ijyb (D:5)
  10 worker ants
  A killer bee zombie (D:7)
  2 hound skeletons
  2 worker ant zombies
  13 gnolls
  16 adders
  5 shadow imps
  An ufetubus (Depths:1)
  12 oozes (Sewer)
  4 worms
  4 dart slugs (D:1)
  12 leopard geckos
  68 orcs
  15 giant cockroaches
  10 goblins
  7 hobgoblins
  13 jackals
  10 kobolds
  4 quokkas
  9 ball pythons
  6 bats
  18 frilled lizards
  7 rats
  A briar patch (Swamp:4)
  3 crawling corpses
2480 creatures vanquished.

Vanquished Creatures (collateral kills)
  A water moccasin (Lair:6)
1 creature vanquished.

Vanquished Creatures (others)
  2 ancient liches (Zot:5)
  2 fire giants
  2 stone giants (Vaults:5)
  4 yaktaur captains
  A centaur warrior (Depths:4)
  A two-headed ogre (Volcano)
  A naga ritualist (Depths:2)
  An ironbrand convoker (Vaults:1)
  2 deep elf magi
  A cyclops (Vaults:2)
  A rust devil (D:1)
  6 yaktaurs
  2 humans (Swamp:3)
  A basilisk (Lair:6)
  An orc warrior (Vaults:2)
  A boggart (Vaults:1)
  A centaur (Depths:3)
  An orc wizard (Vaults:5)
  An orc (Vaults:5)
  6 fungi
  6 plants
  2 withered plants (D:4)
46 creatures vanquished.

Grand Total: 2527 creatures vanquished

Notes
Turn   | Place    | Note
-------+----------+-------------------------------------------
     0 | D:1      | juzbaz the Gargoyle Fighter began the quest for the Orb.
     0 | D:1      | Reached XP level 1. HP: 14/14 MP: 1/1
   337 | D:1      | Reached XP level 2. HP: 19/19 MP: 2/2
   617 | D:1      | Reached XP level 3. HP: 24/24 MP: 3/3
  1341 | D:2      | Reached XP level 4. HP: 29/29 MP: 4/4
  1594 | D:2      | Found a stormy altar of Qazlal.
  1909 | D:3      | Reached XP level 5. HP: 20/34 MP: 5/5
  2894 | D:4      | Found a runed translucent gate.
  2894 | D:4      | Found a runed translucent gate.
  2898 | D:4      | Found a runed translucent gate.
  2898 | D:4      | Noticed Scuka's ghost (amateur HuFi)
  2898 | D:4      | Noticed Yorgos's ghost (novice GnWn)
  2909 | D:4      | Reached XP level 6. HP: 40/40 MP: 6/6
  2956 | D:4      | Reached skill level 5 in Fighting
  3053 | D:4      | Reached skill level 5 in Shields
  3216 | D:4      | Found a hazy altar of Hepliaklqana.
  3394 | D:5      | Entered Level 5 of the Dungeon
  3433 | D:5      | Noticed a sky beast
  3464 | D:5      | Killed a sky beast
  3464 | D:5      | Reached XP level 7. HP: 24/44 MP: 7/7
  3490 | D:5      | Found a shadowy altar of Dithmenos.
  3530 | D:5      | Became a worshipper of Dithmenos the Shadowed
  3637 | D:5      | Noticed Pikel
  3724 | D:5      | Found a staircase to the Ecumenical Temple.
  3863 | D:5      | Found a glowing drain.
  3892 | Sewer    | Entered a sewer
  4162 | Sewer    | Reached skill level 5 in Maces & Flails
  4216 | Sewer    | Reached * piety under Dithmenos
  4448 | Sewer    | Reached XP level 8. HP: 26/52 MP: 8/8
  4687 | D:5      | Killed Pikel
  4687 | D:5      | Reached ** piety under Dithmenos
  4850 | D:5      | Noticed Ijyb
  4868 | D:5      | Killed Ijyb
  4930 | D:6      | Noticed Blork the orc
  4940 | D:6      | Killed Blork the orc
  5042 | D:6      | Reached XP level 9. HP: 58/59 MP: 9/9
  5666 | D:7      | Noticed Joseph
  5685 | D:7      | Killed Joseph
  6917 | D:7      | Found Essul's Food Emporium.
  7033 | D:7      | Reached XP level 10. HP: 66/66 MP: 10/10
  7060 | D:8      | Noticed Prince Ribbit
  7302 | D:8      | Found a staircase to the Lair.
  7304 | D:8      | Noticed Grum
  7503 | D:8      | Killed Grum
  7647 | D:8      | Reached *** piety under Dithmenos
  7826 | D:8      | Found a white marble altar of Elyvilon.
  7827 | D:8      | Found a shattered altar of Ashenzari.
  7827 | D:8      | Found a snail-covered altar of Cheibriados.
  7827 | D:8      | Found a bloodstained altar of Trog.
  7889 | D:8      | Found an iron altar of Okawaru.
  7947 | D:8      | Noticed Harold
  7988 | D:8      | Killed Harold
  7988 | D:8      | Reached skill level 10 in Fighting
  7988 | D:8      | Reached skill level 10 in Shields
  8044 | D:8      | Killed Prince Ribbit
  8794 | D:8      | Got a shimmering falchion
  9091 | D:9      | Identified the +5 falchion of Kompidgh {slice, rElec
                  | Stlth+} (You found it on level 8 of the Dungeon)
  9126 | D:9      | Found a radiant altar of Vehumet.
  9187 | D:9      | Found a blossoming altar of Fedhas.
  9666 | D:9      | Noticed a cyclops
  9667 | D:9      | Noticed a catoblepas
  9668 | D:9      | Upgraded the game from 0.24-a0-423-g6870c0f642 to 0.24-b1
  9825 | D:9      | Noticed a two-headed ogre
 10096 | D:8      | Killed a two-headed ogre
 10096 | D:8      | Reached XP level 11. HP: 16/74 MP: 11/11
 10587 | D:9      | Noticed a centaur warrior
 10663 | D:9      | Killed a centaur warrior
 10663 | D:9      | Reached skill level 10 in Maces & Flails
 10841 | D:9      | Reached **** piety under Dithmenos
 10889 | D:9      | Killed a cyclops
 11500 | D:8      | HP: 2/74 [catoblepas (1)]
 12130 | D:9      | Learned a level 1 spell: Confusing Touch
 12134 | D:9      | Got a smoking chain mail
 12305 | D:9      | Found a shimmering altar of Xom.
 12363 | D:9      | Identified the +3 chain mail "Katux" {rPois rF+ Str+3} (You
                  | found it on level 9 of the Dungeon)
 12388 | D:10     | Entered Level 10 of the Dungeon
 12667 | D:10     | Noticed a two-headed ogre
 12708 | D:10     | Killed a two-headed ogre
 14318 | D:11     | Identified a scroll of acquirement
 14386 | D:11     | Found a staircase to the Orcish Mines.
 14760 | D:10     | Reached XP level 12. HP: 47/81 MP: 12/12
 14960 | D:10     | Reached ***** piety under Dithmenos
 15100 | D:11     | Noticed a two-headed ogre
 15108 | D:11     | Killed a two-headed ogre
 15657 | D:11     | Found a burning altar of Makhleb.
 15657 | D:11     | Noticed an Executioner
 15659 | D:11     | Noticed Snorg
 15707 | D:11     | Killed Snorg
 16069 | Orc:1    | Entered Level 1 of the Orcish Mines
 16281 | D:12     | Identified Ziphech's Incunabulum of the Supportive Blaze
 16476 | D:12     | Reached skill level 1 in Invocations
 17314 | Lair:1   | Entered Level 1 of the Lair of Beasts
 18029 | Lair:1   | Noticed an eight-headed hydra
 18038 | Lair:1   | Killed an eight-headed hydra
 18343 | Lair:1   | Got a smoking leather armour
 18359 | Lair:1   | Noticed a five-headed hydra
 18796 | Lair:1   | Killed a five-headed hydra
 18796 | Lair:1   | Reached XP level 13. HP: 75/88 MP: 15/15
 18941 | Lair:2   | Found a dark tunnel.
 18965 | Volcano  | Entered a volcano
 19069 | Volcano  | Noticed an ogre mage
 19076 | Volcano  | Found a burning altar of Makhleb.
 19081 | Volcano  | Paralysed by an ogre mage for 7 turns
 19082 | Volcano  | Noticed a red draconian
 21669 | Lair:4   | Found a hole to the Spider Nest.
 21891 | Lair:4   | Found a staircase to the Swamp.
 21952 | Lair:4   | Reached skill level 5 in Invocations
 23236 | Lair:5   | Gained mutation: Your large and strong wings let you fly
                  | indefinitely. [Gargoyle growth]
 23236 | Lair:5   | Reached XP level 14. HP: 86/96 MP: 18/18
 23251 | Lair:5   | Reached ****** piety under Dithmenos
 24025 | Lair:5   | Learned a level 2 spell: Poisonous Vapours
 24261 | Lair:6   | Entered Level 6 of the Lair of Beasts
 24739 | Lair:6   | Noticed Nessos
 24740 | Lair:6   | Reached skill level 15 in Fighting
 24751 | Lair:6   | Killed Nessos
 24751 | Lair:6   | Reached skill level 15 in Shields
 25362 | Lair:6   | Found a staircase to the Slime Pits.
 25567 | Lair:6   | Found a large runed translucent door.
 25568 | Lair:6   | Found a large runed translucent door.
 26005 | D:8      | Upgraded the game from 0.24-b1 to 0.25-a0-2-g6559c6c67a
 26019 | D:8      | Identified the +1 leather armour of Inference {rElec rPois
                  | rC++ Int-2} (You found it on level 1 of the Lair of Beasts)
 26417 | Orc:2    | Entered Level 2 of the Orcish Mines
 26417 | Orc:2    | Found Nioropit's Antique Weapon Boutique.
 27770 | Orc:2    | Found a staircase to the Elven Halls.
 27895 | Orc:2    | Found Veteq's Jewellery Boutique.
 27968 | Orc:1    | HP: 4/99 [troll (3)]
 28488 | D:11     | Found a burning altar of Makhleb.
 28590 | D:11     | Found a staircase to the Orcish Mines.
 28757 | Orc:2    | Found Dyrchopim's Distillery.
 28824 | Orc:2    | Reached XP level 15. HP: 97/104 MP: 20/20
 28827 | Orc:2    | Found Caoptucw's Antique Weapon Emporium.
 28843 | Orc:2    | Found Qost's Assorted Antiques.
 28995 | Orc:2    | Bought an uncursed ring of protection from magic for 375
                  | gold pieces
 29092 | Orc:2    | Bought a scroll labeled LEOKHL KAYLU for 32 gold pieces
 29656 | Orc:2    | Bought a glowing flail for 156 gold pieces
 29708 | Orc:2    | Bought a runed flail for 227 gold pieces
 30477 | D:13     | Found a runed translucent gate.
 30479 | D:13     | Found a runed translucent gate.
 30480 | D:13     | Found a runed translucent gate.
 30630 | D:13     | Got a fine scale mail
 30694 | D:12     | Identified the cursed +0 scale mail of the Armadillo {rF+}
                  | (You found it on level 13 of the Dungeon)
 30742 | D:13     | Got a transparent hunting sling
 30743 | D:13     | Identified the +7 hunting sling "Beetleslayer" {venom, rC+
                  | Str+2 Stlth+} (You found it on level 13 of the Dungeon)
 31126 | D:13     | Noticed Boj Zost's ghost (journeyman MiBe)
 31128 | D:13     | Found a gate to the Vaults.
 31286 | D:13     | Reached skill level 15 in Maces & Flails
 31302 | D:13     | Got a glittering platinum amulet
 31304 | D:13     | Identified the amulet "Bexkuit" {Harm *Drain rPois rC-
                  | Dex+4} (You found it on level 13 of the Dungeon)
 32152 | D:14     | Noticed Louise
 32225 | D:13     | Killed Louise
 32447 | D:14     | Found a corrupted altar of Lugonu.
 33889 | D:15     | Entered Level 15 of the Dungeon
 33996 | D:15     | Found a staircase to the Depths.
 34399 | D:14     | Reached skill level 5 in Armour
 34588 | Orc:2    | Bought an uncursed ring of see invisible for 225 gold
                  | pieces
 34880 | D:15     | Reached XP level 16. HP: 106/112 MP: 22/22
 35241 | D:15     | Found a basalt altar of Yredelemnul.
 35754 | Spider:1 | Entered Level 1 of the Spider Nest
 36499 | Spider:1 | Found a frozen archway.
 37612 | Spider:2 | Reached skill level 10 in Invocations
 37874 | Spider:2 | Got a bone morningstar
 37875 | Spider:2 | Identified the +5 morningstar of Flawed Execution {drain,
                  | rF+ MR+} (You found it on level 2 of the Spider Nest)
 38818 | Spider:3 | Reached XP level 17. HP: 50/120 MP: 0/24
 39086 | Spider:3 | Identified the +1 pair of gloves of Ucuf {Str+3 Int+5}
 39086 | Spider:3 | Noticed Nikola
 39325 | Spider:3 | Killed Nikola
 40717 | Spider:4 | Entered Level 4 of the Spider Nest
 40774 | Spider:4 | Reached skill level 1 in Dodging
 41298 | Spider:4 | Noticed Arachne
 41320 | Spider:4 | Killed Arachne
 41667 | Spider:4 | Reached skill level 10 in Armour
 43491 | Spider:4 | Reached XP level 18. HP: 123/131 MP: 25/25
 43741 | Spider:4 | Got a gossamer rune of Zot
 44030 | Swamp:1  | Entered Level 1 of the Swamp
 44234 | Swamp:1  | Reached skill level 5 in Dodging
 45468 | Swamp:2  | Identified the +0 pair of gloves "Okkaysm" {rElec Str+4}
                  | (You acquired it on level 2 of the Swamp)
 46092 | Swamp:3  | Noticed Kirke
 46209 | Swamp:3  | Killed Kirke
 46988 | Swamp:4  | Entered Level 4 of the Swamp
 46992 | Swamp:4  | Found a runed translucent door.
 47017 | Swamp:4  | Noticed sallazang's ghost (journeyman HOFi)
 48493 | Swamp:4  | Got a decaying rune of Zot
 48862 | Vaults:1 | Entered Level 1 of the Vaults
 48900 | Vaults:1 | Reached XP level 19. HP: 138/139 MP: 26/26
 50640 | Orc:2    | Bought a potion of heal wounds for 70 gold pieces
 50640 | Orc:2    | Bought 2 potions of heal wounds for 140 gold pieces
 50640 | Orc:2    | Bought a potion of haste for 140 gold pieces
 50812 | Vaults:1 | Found Uciodgh's Weapon Shoppe.
 51492 | Vaults:1 | Found a portal to a secret trove of treasure.
 51654 | Vaults:2 | Noticed Asterion
 51679 | Vaults:2 | Killed Asterion
 52450 | Vaults:2 | Found a staircase to the Crypt.
 52733 | Vaults:2 | Identified the +0 robe of Benevolence {MR+}
 52814 | Vaults:2 | Identified the +1 pair of gloves of the Other World {Dex+4}
                  | (You found it on level 2 of the Vaults)
 52953 | Vaults:2 | Reached skill level 10 in Dodging
 53103 | Vaults:2 | Reached XP level 20. HP: 148/148 MP: 27/27
 54368 | Vaults:3 | Noticed Mara
 54381 | Vaults:3 | Noticed juzbaz's illusion
 54471 | Vaults:3 | Noticed juzbaz's illusion
 54489 | Vaults:3 | Killed Mara
 55349 | Vaults:3 | Learned a level 1 spell: Apportation
 55351 | Vaults:3 | Learned a level 1 spell: Summon Butterflies
 55354 | Vaults:3 | Learned a level 2 spell: Blink
 55452 | Vaults:3 | Noticed Aizul
 55468 | Vaults:3 | Killed Aizul
 56044 | Vaults:3 | Noticed a lich
 56071 | Vaults:3 | Killed a lich
 56347 | Vaults:4 | Found Irokh's Jewellery Shoppe.
 56393 | Vaults:4 | Reached XP level 21. HP: 149/157 MP: 28/28
 58702 | Vaults:4 | Found Irokh's Jewellery Shoppe.
 59823 | Elf:1    | Entered Level 1 of the Elven Halls
 59871 | Elf:1    | Found Wuephuh's Gadget Shop.
 59872 | Elf:1    | Found Fuot's Jewellery Emporium.
 59873 | Elf:1    | Found Zegi's Gadget Shop.
 60085 | Elf:1    | Identified the Collected Works on Creative Confrontation
 60811 | Elf:2    | Found Dueral's Jewellery Shop.
 60893 | Elf:2    | Found a huge runed translucent gate.
 60893 | Elf:2    | Found a huge runed translucent gate.
 60895 | Elf:2    | Found a huge runed translucent gate.
 61643 | Elf:2    | Found a huge runed translucent gate.
 61644 | Elf:2    | Found a huge runed translucent gate.
 61706 | Elf:3    | Entered Level 3 of the Elven Halls
 61912 | Elf:3    | Reached XP level 22. HP: 167/167 MP: 29/29
 62712 | Elf:3    | Gained mutation: You tend to lose your temper in combat. [a
                  | cacodemon]
 62720 | Elf:3    | Gained mutation: You do not regenerate when monsters are
                  | visible. [a cacodemon]
 62723 | Elf:3    | Gained mutation: You are frail. (-10% HP) [a cacodemon]
 64048 | Elf:3    | Identified Nipeug's Compendium of Clay and Bewitchment
 64062 | Elf:3    | Identified the Almanac of the Frigorific Volcanoes
 64076 | Elf:3    | Identified Goakheme's Disquisition on Unholy Rites and the
                  | Mountains
 64091 | Elf:3    | Identified the +8 hunting sling of the Exiled Friends
                  | {freeze, rPois rN+ Int+2} (You found it on level 3 of the
                  | Elven Halls)
 64398 | Depths:1 | Entered Level 1 of the Depths
 64584 | Depths:1 | Found a gateway to Hell.
 64806 | Depths:1 | Reached skill level 27 in Fighting
 64806 | Depths:1 | Reached skill level 15 in Armour
 65577 | Depths:1 | Found a one-way gate leading to the halls of Pandemonium.
 67030 | Depths:2 | Reached XP level 23. HP: 116/157 MP: 30/30
 67601 | Depths:2 | Found Fappeal's Jewellery Boutique.
 68985 | Depths:2 | Found a sparkling altar of Nemelex Xobeh.
 69060 | Depths:3 | Noticed a caustic shrike
 69079 | Depths:3 | Killed a caustic shrike
 70100 | Depths:3 | Found a gateway to a ziggurat.
 71715 | Depths:3 | Reached XP level 24. HP: 154/162 MP: 30/30
 73129 | Depths:4 | Paralysed by a floating eye for 4 turns
 73139 | Depths:3 | Paralysed by a floating eye for 2 turns
 74768 | Depths:4 | Found a one-way gate to the infinite horrors of the Abyss.
 74951 | Depths:4 | Identified the +6 hand crossbow of the Whale {speed,
                  | *Corrode rPois rN+++ Str-3}
 75638 | Depths:4 | Reached XP level 25. HP: 168/168 MP: 30/30
 76085 | Depths:5 | Entered Level 5 of the Depths
 76350 | Depths:5 | Noticed Boris
 76656 | Depths:5 | Found a gate to the Realm of Zot.
 77516 | Depths:5 | Identified the +1 helmet of Divine Intervention {*Drain
                  | *Slow rCorr Stlth+} (You found it on level 5 of the Depths)
 77823 | Depths:5 | Noticed Mennas
 77917 | Depths:5 | Killed Mennas
 79105 | Vaults:5 | Entered Level 5 of the Vaults
 79127 | Vaults:5 | Noticed Margery
 79802 | Vaults:5 | Found Atatu's Antique Armour Shoppe.
 79830 | Vaults:5 | Identified the cursed +3 hand axe "Pouqug" {flame, +Rage}
 79848 | Vaults:4 | Reached XP level 26. HP: 32/173 MP: 30/30
 80896 | Vaults:4 | Reached skill level 15 in Dodging
 81165 | Vaults:5 | Identified the +5 quarterstaff of Qazlal {crush, rF- Str+3
                  | Int+2 SInv}
 81165 | Vaults:5 | Identified the ring of Pufoox {*Tele rC+ Dex+7 Stlth+}
 81369 | Vaults:4 | Killed Margery
 82888 | Vaults:5 | Found Exoodopt's Antique Armour Shop.
 82904 | Vaults:5 | Bought a pair of runed boots for 255 gold pieces
 83142 | Vaults:5 | Got a silver rune of Zot
 83155 | Vaults:5 | Learned a level 2 spell: Passwall
 83161 | Vaults:5 | Learned a level 5 spell: Lee's Rapid Deconstruction
 83165 | Vaults:5 | Learned a level 3 spell: Regeneration
 83170 | Vaults:5 | Learned a level 4 spell: Summon Lightning Spire
 83987 | Zot:1    | Entered Level 1 of the Realm of Zot
 85895 | Zot:1    | Reached XP level 27. HP: 151/179 MP: 30/30
 86139 | Zot:1    | Noticed an ancient lich
 86285 | Zot:1    | Killed an ancient lich
 91221 | Zot:2    | Identified the +4 dragonskin cloak
 91221 | Zot:2    | Noticed Tiamat
 91853 | Zot:2    | Killed Tiamat
 91853 | Zot:2    | Reached skill level 27 in Armour
 94928 | Zot:4    | Found a transporter.
 95919 | Zot:4    | Identified the +1 plate armour of the Slightly Bent {-Cast
                  | rElec rPois Regen+} (You found it on level 4 of the Realm
                  | of Zot)
 96023 | Zot:4    | Found a transporter.
 96385 | Zot:5    | Entered Level 5 of the Realm of Zot
 98248 | Zot:5    | Noticed an ancient lich
 98267 | Zot:5    | Killed an ancient lich
 99078 | Zot:5    | Noticed an ancient lich
 99097 | Zot:5    | Noticed an ancient lich
 99106 | Zot:5    | Killed an ancient lich
 99119 | Zot:5    | Paralysed by an ancient lich for 3 turns
 99152 | Zot:5    | Killed an ancient lich
 99637 | Zot:5    | Noticed an ancient lich
 99661 | Zot:5    | Killed an ancient lich
100465 | Zot:5    | Noticed an orb of fire
100491 | Zot:5    | Killed an orb of fire
101332 | Zot:5    | Noticed an ancient lich
101429 | Zot:5    | Noticed an orb of fire
101433 | Zot:5    | Gained mutation: You are clumsy. (Dex -2) [an orb of fire]
101465 | Zot:5    | Killed an orb of fire
101623 | Zot:5    | Killed an ancient lich
102094 | Zot:5    | Noticed an ancient lich
102112 | Zot:5    | Killed an ancient lich
102320 | Zot:5    | Noticed an ancient lich
102337 | Zot:5    | Killed an ancient lich
103184 | Zot:5    | Got the Orb of Zot
103209 | Zot:5    | Noticed Iloer the pandemonium lord
103249 | Zot:5    | Noticed Owniax the pandemonium lord
103314 | Zot:3    | Noticed Lutuh the pandemonium lord
103329 | Zot:2    | Paralysed by a floating eye for 3 turns
103963 | D:1      | Noticed Duorey the pandemonium lord
103970 | D:$      | Escaped with the Orb!

Levels and vault maps discovered:
D:1:      minmay_arrival_loop, layout_basic
D:2:      layout_rooms, nicolae_overflow_crystal_walls
D:3:      layout_basic, serial_rivers, chequers_serial_rivers_marsh,
          chequers_serial_rivers_micro_e, chequers_serial_rivers_micro_c,
          chequers_serial_rivers_micro_e, chequers_serial_rivers_micro_a,
          chequers_serial_rivers_small_a
D:4:      layout_cave_pools, lemuel_crystal_altar, gammafunk_ghost_cemetery
D:5:      layout_rooms, grunt_dithmenos_smoke_and_mirrors,
          minmay_temple_entry_antechambers, portal_sewer_entry_d, first_ration,
          uniq_ijyb, uniq_pikel
D:6:      layout_basic, bh_walls_and_bars, uniq_blork_the_orc
D:7:      layout_loops_cross, serial_shops, kennysheep_little_box, uniq_joseph
D:8:      layout_basic, grunt_temple_overflow_open, okawaru_humans, uniq_grum,
          uniq_harold, uniq_prince_ribbit1
D:9:      minmay_the_grid_triangle_9x9_recursive_2
          [minmay_the_grid_triangle_9x9_prize_schism,
          minmay_the_grid_triangle_9x9_shrine,
          minmay_the_grid_triangle_9x9_from_above,
          minmay_the_grid_triangle_9x9_empty], layout_loops_ring,
          lemuel_doored_altar, basic_altar
D:10:     layout_cave_pods
D:11:     layout_rooms, orc_david_3, david_nohive_1, makhleb_altar_promises_db,
          uniq_snorg
D:12:     layout_cave_pods
D:13:     minmay_complete_graph, layout_layer_cave, ebering_ghost_rock_garden,
          glass_columns_a
D:14:     kennysheep_kobold_lugonu_temple, layout_cave_pools,
          serial_column_ruins, column_ruins_open_small, column_ruins_grid_3,
          column_ruins_grid_2, column_ruins_open_tiny, column_ruins_open_small,
          column_ruins_grid_1, hangedman_decor_opposing, nrook_campfire,
          uniq_louise
D:15:     gammafunk_depths_entry_grave, layout_cross, yredelemnul_altar_generic,
          grunt_ministairs_2, minmay_fractal_squares_diagonal_5
Lair:1:   layout_roguey, nzn_random_ring
Lair:2:   layout_roguey, nicolae_volcano_entry_lava_flow,
          cheibrodos_lair_caveside_slide
Lair:3:   layout_chaotic_city, chequers_serial_rivers_large_b
Lair:4:   layout_regular_city, swamp_mist_pool, spider_nest_entry_web_field,
          lemuel_fruit_tree
Lair:5:   layout_cave_pods, st_stairs_10, chequers_serial_rivers_micro_a,
          beast_lair_carwin_7
Lair:6:   cheibrodos_lair_end_hotspot, layout_regular_city,
          minmay_slime_entry_pillars, uniq_nessos
Swamp:1:  layout_basic_swamp, evilmike_swamp_ruin_house_5
Swamp:2:  layout_basic_swamp, evilmike_swamp_ruin_house_1
Swamp:3:  layout_basic_swamp, evilmike_swamp_ruin_rubble_2, uniq_kirke
Swamp:4:  swamp_vile, layout_basic_swamp, gammafunk_ghost_grave
Spider:1: layout_spider_delve, portal_ice_cave_entry_ugly_swarm
Spider:2: layout_spider_delve, drop_trap
Spider:3: spiders_nest_scorpion_pit, uniq_nikola
Spider:4: floodkiller_spider_rune_tomb, uniq_arachne
Orc:1:    layout_caves
Orc:2:    st_orc_open, layout_caves, serial_shops, shop
Elf:1:    layout_gridlike, minmay_elf_sorcery, minmay_shop_grove
Elf:2:    layout_geoelf_diagonals, serial_shops, nicolae_shop_statue_plus
Elf:3:    minmay_elf_hall_circle, layout_geoelf_octagon
Vaults:1: hangedman_vaults_stitches, vaults_standard_mumra_x,
          nicolae_vaults_twisting_passages, grunt_vaults_twisty,
          vaults_room_grid, nicolae_vaults_display_case,
          ontoclasm_vaults_misaligned, vaults_room_stairs_pillars,
          ontoclasm_vaults_misaligned, nicolae_vaults_shelves_hall,
          layout_vaults_maze_snakey, serial_shops, shop, enter_trove_6
Vaults:2: nicolae_vaults_windows_and_doors_thing, ontoclasm_vaults_chip,
          v_alt_pattern_2, nicolae_vaults_network_square,
          nicolae_vaults_sealed_display, ontoclasm_vaults_spin,
          nicolae_vaults_little_squares_5, ontoclasm_vaults_ring_square,
          hangedman_vaults_stretched_pinwheel, v_misc_16, vaults_dpeg_diagonal,
          v_misc_15, nicolae_vaults_angled_halls, layout_vaults_omnicross,
          dummy_crypt_entry, uniq_asterion
Vaults:3: ontoclasm_vaults_hangar, grunt_vaults_swirl, grunt_vaults_diagonal,
          nicolae_vaults_theta, st_octagons_1, nicolae_vaults_circle_grid_a,
          vaults_mumra_hexcomb, grunt_vaults_trifunnel, ontoclasm_vaults_bender,
          v_pattern_1, vaults_dpeg_hooks, layout_vaults_big_room, uniq_mara,
          uniq_aizul
Vaults:4: hangedman_vaults_locks, v_misc_14, ontoclasm_vaults_twist,
          ontoclasm_vaults_loading_screen, nicolae_vaults_theta,
          vaults_dpeg_spiral, nicolae_vaults_network_star,
          nicolae_vaults_ninety_degrees, layout_vaults_omnigrid, serial_shops,
          shop
Vaults:5: uniq_margery
Depths:1: hangedman_cross_stitches, layout_basic, grunt_metal_band,
          hangedman_decor_points, grunt_pan_entry_spiral, minivault_1,
          roderic_roman_lattice, kennysheep_four_rooms
Depths:2: cheibrodos_poisonous_passages, layout_cave_shapes, hell_entry,
          serial_sigils, serial_sigils_hangedman_scar,
          serial_sigils_hangedman_gnaw, serial_sigils_hangedman_carve,
          serial_sigils_hangedman_gut, serial_sigils_hangedman_writhe,
          pan_entry, serial_shops, nicolae_shop_statue_plus,
          nemelex_xobeh_ov_fountains_minmay
Depths:3: angbandy_vault, layout_basic, enter_ziggurat_a, special_room
          [special_room_mythical_zoo], hangedman_decor_clover_reticule,
          hell_entry, rand_demon_pan_entry_1, infiniplex_staircase_pool_1
Depths:4: grunt_crosshair, layout_cave_shapes, kennysheep_doodads, abyss_entry,
          pf_coc_iceberg, infiniplex_staircase_split_hallway
Depths:5: grunt_zot_entry_tricorne, layout_gridlike, grunt_hell_entry_dis_mu,
          minmay_misc_feat_rows, hangedman_aviary, serial_bayou_shore_b,
          uniq_mennas, uniq_boris
Zot:1:    ebering_greatest_show_in_zot, layout_onion, grunt_megastairs_2
Zot:2:    layout_misc_corridors, grunt_megastairs_3, uniq_tiamat
Zot:3:    layout_twisted_circle
Zot:4:    gammafunk_its_a_trap, layout_basic
Zot:5:    layout_misc_corridors

Skill      XL: |  1  2  3  4  5  6  7  8  9 10 11 12 13 14 15 16 17 18 19 20 21 22 23 24 25 26 27 |
---------------+----------------------------------------------------------------------------------+-----
Shields        | 4 5 6 7 9 10 12 13 14 15 | 15.0
Fighting       | 4 5 6 7 9 11 12 13 14 15 17 18 20 22 23 24 26 27 | 27.0
Maces & Flails | 3 4 5 6 8 9 11 12 13 14 15 16 18 | 18.7
Invocations    | 3 5 7 9 10 | 10.0
Armour         | 5 8 10 12 13 16 19 21 23 25 27 | 27.0
Dodging        | 4 7 10 12 13 14 15 21 | 21.4

Action                   |  1- 3 |  4- 6 |  7- 9 | 10-12 | 13-15 | 16-18 | 19-21 | 22-24 | 25-27 || total
-------------------------+-------+-------+-------+-------+-------+-------+-------+-------+-------++-------
Melee: Flail             |   110 |   305 |   300 |       |    14 |       |       |       |       ||   729
       Whip              |       |       |   277 |   430 |       |       |       |       |       ||   707
       Falchion          |       |       |       |    84 |       |       |       |       |       ||    84
       Spear             |       |       |       |   208 |       |       |       |       |       ||   208
       Morningstar       |       |       |       |   484 |  1392 |  1503 |  1926 |  1822 |  3057 || 10184
       Hunting sling     |       |       |       |       |       |     1 |       |       |       ||     1
 Fire: Hunting sling     |       |       |       |       |   137 |   590 |    47 |   273 |   721 ||  1768
Throw: Stone             |     1 |     6 |       |       |       |       |       |       |       ||     7
       Dart              |       |     6 |    14 |    70 |    28 |       |       |       |       ||   118
       Boomerang         |       |       |    21 |    21 |    19 |       |       |       |       ||    61
Invok: Shadow Step       |       |       |       |     1 |       |       |       |       |       ||     1
       Shadow Form       |       |       |       |       |     1 |       |       |       |       ||     1
 Abil: Evoke Flight      |       |       |       |     1 |       |       |       |       |       ||     1
       Fly               |       |       |       |       |     1 |       |       |     2 |     6 ||     9
       Stop Flying       |       |       |       |       |       |       |       |     2 |     6 ||     8
Evoke: Wand              |       |       |     9 |     4 |     6 |       |     1 |     1 |    11 ||    32
       Lamp of fire      |       |       |       |       |       |       |     1 |       |     1 ||     2
       Phial of floods   |       |       |       |       |       |       |     1 |       |     1 ||     2
  Use: Scroll            |       |     9 |     4 |    12 |    11 |     8 |     6 |    14 |    28 ||    92
       Potion            |       |       |       |     2 |     2 |     3 |     2 |     1 |    26 ||    36
 Stab: Paralysed         |       |       |    31 |       |     3 |       |       |       |       ||    34
       Distracted        |       |       |       |       |     1 |       |       |     1 |       ||     2
  Eat: Chunk             |     2 |     7 |    13 |    39 |    42 |    35 |    36 |    36 |    44 ||   254
       Ration            |       |       |       |       |     3 |     3 |     2 |     3 |    17 ||    28
Armor: Scale mail        |    45 |   177 |   174 |       |    94 |       |       |       |       ||   490
       Chain mail        |       |       |    47 |   366 |   581 |   891 |   670 |   385 |       ||  2940
       Plate armour      |       |       |    11 |   281 |       |       |       |       |       ||   292
       Gold dragon scale |       |       |       |       |       |       |       |   593 |  2164 ||  2757
Dodge: Dodged            |    29 |    90 |   178 |   304 |   426 |   603 |   724 |   736 |  1312 ||  4402
Block: Shield            |    52 |   181 |   275 |   726 |   884 |  1021 |  1086 |  1480 |  2816 ||  8521
       Reflection        |       |       |       |       |       |       |       |    32 |   131 ||   163
       Rpst.: Falchion   |       |       |       |     6 |       |       |       |       |       ||     6

Table legend:
 A = Non-vault XP
 B = Vault XP
 C = Vault XP percentage of total XP
 D = Non-vault monster count
 E = Vault monster count
 F = Vault count percentage of total count
                 A         B        C        D         E       F
            +---------+---------+-------+---------+---------+-------
      Total |  900009 |  867775 |  49.1 |    1607 |     882 |  35.4
            +---------+---------+-------+---------+---------+-------
        D:1 |      55 |       0 |   0.0 |      27 |       0 |   0.0
        D:2 |      71 |       0 |   0.0 |      21 |       0 |   0.0
        D:3 |     175 |       0 |   0.0 |      32 |       0 |   0.0
        D:4 |     182 |       0 |   0.0 |       8 |       0 |   0.0
        D:5 |     534 |     692 |  56.4 |      10 |       3 |  23.1
        D:6 |     816 |      96 |  10.5 |      14 |       1 |   6.7
        D:7 |    1283 |     554 |  30.2 |      30 |       2 |   6.2
        D:8 |    2108 |    1975 |  48.4 |      18 |       6 |  25.0
        D:9 |    2241 |    2818 |  55.7 |      43 |      11 |  20.4
       D:10 |    3788 |    1343 |  26.2 |      39 |      17 |  30.4
       D:11 |    2139 |    2558 |  54.5 |       5 |       8 |  61.5
       D:12 |    3385 |       0 |   0.0 |      32 |       0 |   0.0
       D:13 |   11470 |    6631 |  36.6 |      31 |      16 |  34.0
       D:14 |    6734 |     990 |  12.8 |      24 |       3 |  11.1
       D:15 |    7765 |   10536 |  57.6 |      33 |      20 |  37.7
     Lair:1 |    3875 |    2697 |  41.0 |      17 |       8 |  32.0
     Lair:2 |    4986 |     704 |  12.4 |      21 |       1 |   4.5
     Lair:3 |    9164 |       0 |   0.0 |      23 |       0 |   0.0
     Lair:4 |    3179 |     963 |  23.2 |      12 |       5 |  29.4
     Lair:5 |    8193 |    2752 |  25.1 |      34 |      13 |  27.7
     Lair:6 |    4647 |    8040 |  63.4 |      21 |      30 |  58.8
    Swamp:1 |   10013 |       0 |   0.0 |      23 |       0 |   0.0
    Swamp:2 |    8880 |       0 |   0.0 |      23 |       0 |   0.0
    Swamp:3 |    9601 |    2233 |  18.9 |      30 |       3 |   9.1
    Swamp:4 |   11552 |   18660 |  61.8 |      27 |      31 |  53.4
   Spider:1 |   16670 |    3926 |  19.1 |      53 |       8 |  13.1
   Spider:2 |   17203 |    1607 |   8.5 |      53 |       2 |   3.6
   Spider:3 |   17586 |   13405 |  43.3 |      54 |      20 |  27.0
   Spider:4 |   13365 |   35232 |  72.5 |      39 |      67 |  63.2
      Orc:1 |    2582 |    4237 |  62.1 |      25 |      11 |  30.6
      Orc:2 |     948 |    9489 |  90.9 |      18 |      24 |  57.1
      Elf:1 |   17181 |    7523 |  30.5 |      30 |      12 |  28.6
      Elf:2 |   14940 |     775 |   4.9 |      26 |       1 |   3.7
      Elf:3 |   13159 |   46997 |  78.1 |      23 |      32 |  58.2
   Vaults:1 |   32952 |   15787 |  32.4 |      56 |      29 |  34.1
   Vaults:2 |   35005 |   17583 |  33.4 |      61 |      23 |  27.4
   Vaults:3 |   31048 |   40180 |  56.4 |      45 |      44 |  49.4
   Vaults:4 |   58908 |   54310 |  48.0 |      84 |      38 |  31.1
   Vaults:5 |   18970 |   87404 |  82.2 |      34 |      73 |  68.2
   Depths:1 |   16562 |   22284 |  57.4 |      17 |      24 |  58.5
   Depths:2 |   47277 |   23653 |  33.3 |      67 |      21 |  23.9
   Depths:3 |   68224 |  102735 |  60.1 |      82 |      80 |  49.4
   Depths:4 |   22782 |   16276 |  41.7 |      28 |      17 |  37.8
   Depths:5 |   46301 |   55479 |  54.5 |      39 |      36 |  48.0
      Zot:1 |   52304 |   27610 |  34.5 |      35 |      16 |  31.4
      Zot:2 |   62636 |   48173 |  43.5 |      42 |      28 |  40.0
      Zot:3 |   45845 |       0 |   0.0 |      29 |       0 |   0.0
      Zot:4 |   45184 |       0 |   0.0 |      21 |       0 |   0.0
      Zot:5 |   85541 |  168100 |  66.3 |      48 |      41 |  46.1
      Sewer |       0 |     386 | 100.0 |       0 |      56 | 100.0
    Volcano |       0 |     382 | 100.0 |       0 |       1 | 100.0
            +---------+---------+-------+---------+---------+-------
